 Dungeon Crawl Stone Soup version 0.31.0-12-g77e489cdc1 (webtiles) character file.

Game seed: 7036275636040423213

2634 wingedge the Digger (level 9, 0/68 HPs)
             Began as a Demigod Earth Elementalist on Feb 28, 2024.
             Killed from afar by Maurice (16 damage)
             ... with a bolt of light
             ... on level 7 of the Dungeon.
             The game lasted 00:11:31 (6069 turns).

wingedge the Digger (Demigod Earth Elementalist)    Turns: 6069, Time: 00:11:32

Health: 0/68       AC: 11    Str: 15    XL:     9   Next: 13%
Magic:  16/22      EV:  5    Int: 29    God:
Gold:   188        SH:  0    Dex: 14    Spells: 16/20 levels left

rFire   . . .        a - +6 flail (drain)
rCold   . . .        G - +2 buckler
rNeg    . . .        A - +2 scale mail {Will+}
rPois   +            (no helmet)
rElec   .            (no cloak)
rCorr   .            (no gloves)
SInv    .            o - +2 pair of boots {Stlth+}
Will    +....        d - amulet of magic regeneration
Stlth   ++           q - +6 ring of strength
HPRegen 0.31/turn    v - ring of poison resistance
MPRegen 0.58/turn

%: no passive effects
@: very slightly contaminated, held, hasted, very quick
A: high MP 1, forlorn, divine attributes
a: no special abilities


You were on level 7 of the Dungeon.
You visited 1 branch of the dungeon, and saw 7 of its levels.

You collected 188 gold pieces.

Inventory:

Hand Weapons
 a - a +6 flail of draining (weapon)
Missiles
 C - a throwing net
Armour
 o - a +2 pair of boots of stealth (worn)
 z - a +0 robe
 A - a +2 scale mail of willpower (worn)
 G - a +2 buckler (worn)
Jewellery
 c - a +5 ring of evasion
 d - an amulet of magic regeneration (around neck)
 q - a +6 ring of strength (left hand)
 v - a ring of poison resistance (right hand)
 E - a ring of protection from fire
Scrolls
 i - a scroll of noise {unknown}
 j - 2 scrolls of amnesia {unknown}
 k - a scroll of revelation {unknown}
 l - 4 scrolls of identify {unknown}
 n - a scroll of silence {unknown}
 p - a scroll of fear {unknown}
 t - a scroll of teleportation {unknown}
 u - a scroll of blinking {unknown}
 w - a scroll of butterflies {unknown}
 x - 2 scrolls of enchant weapon {unknown}
 y - 2 scrolls of enchant armour {unknown}
Potions
 e - 3 potions of haste
 f - a potion of heal wounds {unknown}
 g - a potion of berserk rage {unknown}
 h - 5 potions of curing {unknown}
 m - 3 potions of attraction {unknown}
 r - a potion of lignification {unknown}
 s - a potion of mutation {unknown}
 D - a potion of ambrosia {unknown}
 F - a potion of enlightenment {unknown}


   Skills:
 + Level 2.9 Fighting
 + Level 2.3 Armour
 - Level 2.0 Dodging
 - Level 2.0 Stealth
 + Level 0.0 Shields
 + Level 6.3 Spellcasting
 + Level 6.3 Conjurations
 + Level 6.3 Earth Magic


You had 16 spell levels left.
You knew the following spells:

 Your Spells              Type           Power      Damage    Failure   Level
a - Sandblast             Erth           92%        2d19      2%          1
b - Stone Arrow           Conj/Erth      92%        3d12      6%          3

Your spell library contained the following spells:

 Spells                   Type           Power      Damage    Failure   Level
 Passwall                 Erth           46%        N/A       6%          3
 Kiss of Death            Conj/Necr      100%       2d13      8%          1
 Sting                    Conj/Alch      100%       1d9       8%          1
 Brom's Barrelling Bould  Conj/Erth      46%        2d6       22%         4
 Slow                     Hex            36%        N/A       30%         1
 Blink                    Tloc           18%        N/A       41%         2
 Lesser Beckoning         Tloc           18%        N/A       41%         2
 Petrify                  Alch/Erth      27%        N/A       61%         4
 Call Canine Familiar     Summ           9%         N/A       65%         3
 Confusing Touch          Hex            9%         N/A       65%         3
 Gell's Gravitas          Tloc           9%         N/A       65%         3
 Sigil of Binding         Hex            9%         N/A       65%         3
 Teleport Other           Tloc           9%         N/A       65%         3
 Vampiric Draining        Necr           9%         2d6       65%         3
 Dimensional Bullseye     Hex/Tloc       4%         N/A       96%         4
 Dispel Undead            Necr           9%         3d8       96%         4
 Dispersal                Tloc           4%         N/A       100%        6


Dungeon Overview and Level Annotations

Branches:
Dungeon (7/15)             Temple (0/1) D:4

Annotations:
D:7 Maurice


Innate Abilities, Weirdness & Mutations

You have an increased reservoir of magic. (+10% MP)
You shall have no god before yourself.
Your divine heritage dramatically boosts your attributes as you level up.


Message History

You feel your power leaking away. Something drains your magic.
You miss something. Something hits you.
Something steals your ring of protection from cold!
Something bites you.
You feel your power leaking away. Something drains your magic.
You barely miss something. Something hits you.
Something steals 1 of your 2 throwing nets!
Something bites you.
You feel your power leaking away. Something drains your magic.
Casting: Stone Arrow (dangerous; 6% risk of failure)
Confirm with . or Enter, or press ? or * to list all spells.
Aiming: Stone Arrow (dangerous; 6% risk of failure)
Press: ? - help, Shift-Dir - straight line, f - you The stone arrow hits something!
You hear some strange, mumbled words.
You hear a zap.
A bolt of light appears from out of thin air!
The bolt of light hits you!
* * * LOW HITPOINT WARNING * * *
Casting: Stone Arrow (dangerous; 6% risk of failure)
Confirm with . or Enter, or press ? or * to list all spells.
Aiming: Stone Arrow (dangerous; 6% risk of failure)
Press: ? - help, Shift-Dir - straight line, f - you
Okay, then.
Casting: Stone Arrow (dangerous; 6% risk of failure)
Confirm with . or Enter, or press ? or * to list all spells.
Okay, then.
A throwing net appears from out of thin air!
The throwing net hits you.
You become entangled in the net!
You see here a throwing net.
It was a potion of haste.
You feel yourself speed up.
You struggle against the net.
You struggle against the net.
You hear a zap.
A bolt of light appears from out of thin air!
The bolt of light hits you!
You die...

#..####.#
##.####
#.......# ##.###
#.####### ##...
### #.# #.## ..#
#.# #.# #.# #.#
#.. #.# #.# ####
#.######.#
#..{...@.#
#.#####.########
#.......#
....##.#### # #.
#. #. #. #.


There were no monsters in sight!

Vanquished Creatures
  Prince Ribbit (D:5)
  Grinder (D:4)
  Sigmund (D:4)
  Edmund (D:5)
  A water moccasin (D:6)
  Duvessa (D:6)
  2 ice beasts
  A centaur (D:5)
  3 phantoms
  A bullfrog (D:6)
  3 scorpions
  3 wights
  Dowan (D:6)
  A howler monkey (D:6)
  4 hounds
  2 bombardier beetles
  A gnoll bouda (D:6)
  2 orc priests
  6 iguanas
  Natasha (twice) (D:2)
  3 orc wizards
  6 adders
  9 gnolls
  A white imp (D:6)
  2 ufetubi (D:5)
  7 dart slugs
  A ribbon worm (D:3)
  15 orcs
  8 ball pythons
  4 endoplasms
  4 giant cockroaches
  9 goblins
  4 hobgoblins
  2 jackals (D:5)
  4 quokkas
  3 bats
  4 frilled lizards
  7 kobolds
  4 rats
135 creatures vanquished.

Notes
Turn   | Place    | Note
-------+----------+-------------------------------------------
     0 | D:1      | wingedge the Demigod Earth Elementalist began the quest for
                  | the Orb.
     0 | D:1      | Reached XP level 1. HP: 14/14 MP: 5/5
     7 | D:1      | Got the Annotations on Mutable Relocation
   168 | D:1      | Reached XP level 2. HP: 20/20 MP: 4/7
   543 | D:1      | Reached XP level 3. HP: 26/26 MP: 6/8
   985 | D:2      | Reached skill level 1 in Conjurations
  1190 | D:2      | Noticed Natasha
  1197 | D:2      | Killed Natasha
  1309 | D:2      | Noticed Natasha
  1314 | D:2      | Killed Natasha
  1315 | D:2      | Reached XP level 4. HP: 33/33 MP: 8/10
  2518 | D:4      | Reached XP level 5. HP: 38/38 MP: 12/12
  2687 | D:4      | Found a staircase to the Ecumenical Temple.
  2711 | D:4      | Noticed Grinder
  2721 | D:4      | Killed Grinder
  2722 | D:4      | Reached XP level 6. HP: 16/45 MP: 10/14
  2831 | D:4      | Learned a level 3 spell: Stone Arrow
  3144 | D:4      | Noticed Sigmund
  3151 | D:4      | Killed Sigmund
  3580 | D:5      | Entered Level 5 of the Dungeon
  3580 | D:5      | Noticed Edmund
  3583 | D:5      | Killed Edmund
  3584 | D:5      | Reached XP level 7. HP: 50/50 MP: 7/17
  3687 | D:5      | Reached skill level 1 in Fighting
  3845 | D:5      | Reached skill level 1 in Armour
  3845 | D:5      | Reached skill level 5 in Conjurations
  3924 | D:5      | Noticed Prince Ribbit
  3965 | D:5      | Killed Prince Ribbit
  3966 | D:5      | Reached skill level 5 in Spellcasting
  4117 | D:5      | Reached XP level 8. HP: 57/61 MP: 0/19
  4723 | D:6      | Reached skill level 5 in Earth Magic
  5035 | D:6      | Noticed Duvessa
  5035 | D:6      | Noticed Dowan
  5038 | D:6      | Killed Duvessa
  5041 | D:6      | Killed Dowan
  5589 | D:6      | Reached XP level 9. HP: 68/68 MP: 10/22
  6047 | D:7      | Noticed Maurice
  6056 | D:7      | Something stole a ring of protection from cold
  6057 | D:7      | Something stole 2 throwing nets
  6069 | D:7      | Killed from afar by Maurice

Illustrated notes

Levels and vault maps discovered:
D:1:      minmay_arrival_plants_in_alcoves, layout_loops_ring,
          serial_bayou_lagoon_a, amcnicky_mini_rare_corridor_liquid,
          corexii_corridor_pit, minmay_tromino_v4_a
D:2:      layout_rooms, uniq_natasha
D:3:      layout_loops_corners, overflow_temple_1_default, zin_scriptorium,
          serial_aquarium, aquarium_bridge_island_small
          [aquarium_subvault_small_open, aquarium_subvault_window,
          aquarium_subvault_bridge, aquarium_subvault_wall,
          aquarium_subvault_balcony], aquarium_bridge_square
          [aquarium_subvault_wall, aquarium_subvault_window,
          aquarium_subvault_bridge, aquarium_subvault_wall], aquarium_window_1,
          aquarium_window_corner, aquarium_window_fake,
          aquarium_window_corridor_3, aquarium_view_2c, aquarium_pool_2,
          minmay_fractal_squares_5
D:4:      layout_basic, temple_pool_b, uniq_sigmund, uniq_grinder
D:5:      layout_cave_pods, grunt_decor_cap, kennysheep_generic_room_11,
          uniq_edmund, uniq_prince_ribbit1
D:6:      layout_cave_pods, chequers_temple_overflow_statue_of_worship,
          uniq_duvessa
D:7:      layout_loops_corners, uniq_maurice

Skill      XL: |  1  2  3  4  5  6  7  8 |
---------------+-------------------------+-----
Earth Magic    | 3 4 6 |  6.3
Conjurations   | 2 3 4 5 6 |  6.3
Spellcasting   | 2 3 4 5 6 |  6.3
Stealth        | 2 |  2.0
Fighting       | 2 |  2.9
Dodging        | 2 |  2.0
Armour         | 1 2 |  2.3

Action                     |  1- 3 |  4- 6 |  7- 9 || total
---------------------------+-------+-------+-------++-------
  Melee: Falchion          |       |     5 |       ||     5
         Flail             |       |       |    19 ||    19
         Punch             |       |       |     1 ||     1
   Cast: Sandblast         |    52 |    55 |     1 ||   108
         Stone Arrow       |       |    13 |   104 ||   117
    Use: Potion            |       |       |     2 ||     2
 Armour: Robe              |     4 |    12 |       ||    16
         Scale mail        |       |       |    79 ||    79
  Dodge: Dodged            |    19 |    21 |    41 ||    81
